Map: New Repugnancy LE

Players

Throwfordays - Winner!

  • Race: Zerg Zerg
  • League: Silver
  • Spawn Location: 1:00

MysticMisfit

  • Race: Protoss Protoss
  • Spawn Location: 7:00

VOD

Have the link to the VOD?

Description

Time

  • Played on: March 20, 2019, 10:11 p.m.
  • Length: 5:39
Show
View Real Time Build Order
Export as new Build Order

Throwfordays Zerg - Winner!

Build Orders: Hatch First 

Get SALT Encoding   

  12  0:01  Drone  
  13  0:08  Drone  
  14  0:35  Hatchery  
  13  0:38  Drone  
  14  0:45  Overlord  
  14  1:02  Spawning Pool  
  13  1:06  Drone  
  13  1:10  Drone  
  15  1:15  Drone  
  16  1:19  Extractor  
  16  1:21  Drone  
  16  1:28  Drone  
  17  1:41  Drone  
  18  1:47  Drone  
  18  1:49  Queen  
  18  1:51  Overlord  
  21  2:00  Queen  
  23  2:05  Drone  
  24  2:10  Drone  
  24  2:12  Drone  
  24  2:14  Drone  
  27  2:22  Overlord  
  27  2:31  Drone x2  
  27  2:35  Zergling x2  
  30  2:41  Drone  
  31  2:44  Overlord  
  31  2:52  Drone  
  31  2:55  Zergling x2  
  31  2:57  Metabolic Boost  
  33  2:59  Zergling x6  
  33  3:04  Zergling x2  
  37  3:11  Zergling x2  
  37  3:12  Zergling x4  
  40  3:15  Drone  
  41  3:30  Drone x2  
  41  3:33  Extractor  
  41  3:34  Drone x3  
  44  3:37  Drone x3  
  47  3:55  Zergling x6  
  49  4:03  Evolution Chamber  
  49  4:05  Baneling Nest  
  49  4:06  Evolution Chamber  
  49  4:08  Roach Warren  
  49  4:09  Zergling x6  
  48  4:11  Drone  
  47  4:53  Zergling x2  
  47  4:54  Zergling x4  
  47  4:59  Zergling x4  
Show
View Real Time Build Order
Export as new Build Order

MysticMisfit Protoss 

Build Orders: 1 Gate Expand 

Get SALT Encoding   

  12  0:01  Probe  
  13  0:21  Pylon  
  13  0:35  Probe  
  14  0:49  Gateway  
  14  0:53  Probe  
  14  0:55  Assimilator  
  15  1:01  Probe  
  16  1:11  Probe  
  17  1:23  Nexus  
  17  1:26  Probe  
  18  1:37  Pylon  
  18  1:38  Probe  
  19  1:46  Cybernetics Core  
  19  1:49  Probe  
  20  1:57  Assimilator, Probe  
  20  2:04  Zealot  
  23  2:23  Warp Gate  
  23  2:31  Stalker  
  25  2:44  Forge  
  25  2:47  Assimilator  
  25  2:48  Probe x2  
  27  2:51  Pylon  
  27  2:57  Probe  
  27  2:58  Probe  
  29  3:08  Zealot  
  31  3:14  Probe  
  31  3:19  Gateway, Probe  
  33  3:41  Assimilator  
  33  3:44  Gateway  
  29  4:14  Gateway  
  29  4:16  Photon Cannon, Zealot  
  28  4:28  Zealot  
  28  4:38  Stalker  
  20  4:51  Pylon x2  
  18  4:53  Pylon  
  17  5:05  Pylon  
  15  5:07  Pylon  
  15  5:09  Pylon  
  11  5:17  Stalker  
Tags
 
Add a new tag
Caveats
  • Supply blocks, unpowered buildings, or Contaminate may cause inaccurate times.
  • Supply counts are checked every 10 seconds.